 Dungeon Crawl Stone Soup version 0.27.1-33-g824d729ab1 (webtiles) character file.

Game seed: 15307115918088357542

5672 Almogavar the Thaumaturge (level 10, -8/53 HPs)
             Began as a Deep Elf Conjurer on Nov 26, 2021.
             Was a Believer of Sif Muna.
             Mangled by Harold (24 damage)
             ... on level 9 of the Dungeon.
             The game lasted 00:36:08 (9457 turns).

Almogavar the Thaumaturge (Deep Elf Conjurer)       Turns: 9457, Time: 00:36:10

Health: -8/53      AC:  9    Str:  4    XL:     10   Next: 47%
Magic:  0/28       EV: 14    Int: 27    God:    Sif Muna [**....]
Gold:   359        SH:  0    Dex: 13    Spells: 23/33 levels left

rFire    . . .     SeeInvis .   g - +4 short sword (elec)
rCold    . . .     Faith    .   (no shield)
rNeg     . . .     Spirit   +   x - +0 steam dragon scales
rPois    .         Reflect  .   (no helmet)
rElec    .         Harm     .   h - +0 cloak
rCorr    .         Rampage  .   B - +2 pair of gloves
Will     +....                  (no boots)
Stlth    +++.......             l - amulet of guardian spirit
HPRegen  0.17/turn              (no ring)
MPRegen  0.21/turn              (no ring)

@: marked
A: no striking features
a: Renounce Religion, Channel Magic


You were on level 9 of the Dungeon.
You worshipped Sif Muna.
Sif Muna was pleased with you.
You visited 1 branch of the dungeon, and saw 9 of its levels.
You also visited: Sewer.

You collected 359 gold pieces.

Inventory:

Hand Weapons
 g - a +4 short sword of electrocution (weapon)
Armour
 e - a +0 ring mail of willpower
 h - a +0 cloak (worn)
 k - a +2 robe of positive energy
 x - +0 steam dragon scales (worn)
 B - a +2 pair of gloves (worn)
 D - a +0 helmet
 E - a +1 robe of cold resistance
Magical Staves
 b - a staff of air
 w - a staff of cold
Jewellery
 l - an amulet of guardian spirit (around neck)
Wands
 a - a wand of mindburst (13)
 c - a wand of flame (43)
 m - a wand of polymorph (15)
 C - a wand of paralysis (9)
Scrolls
 d - a scroll of summoning
 f - 2 scrolls of amnesia
 j - a scroll of enchant weapon
 n - 4 scrolls of fog {unknown}
 q - 3 scrolls of noise {unknown}
 r - a scroll of immolation {unknown}
 s - a scroll of holy word {unknown}
 t - 4 scrolls of teleportation {unknown}
 v - a scroll of blinking {unknown}
 y - a scroll of fear {unknown}
 A - a scroll of acquirement {unknown}
Potions
 i - a potion of invisibility
 o - a potion of flight {unknown}
 p - 2 potions of degeneration {unknown}
 u - 4 potions of curing {unknown}
 z - 2 potions of lignification {unknown}


   Skills:
 + Level 2.0 Fighting
 + Level 5.5 Dodging
 + Level 6.1 Stealth
 + Level 12.2 Spellcasting
 + Level 10.8 Conjurations
 + Level 6.2 Translocations


You had 23 spell levels left.
You knew the following spells:

 Your Spells              Type           Power      Damage    Failure   Level
a - Magic Dart            Conj           100%       1d8       1%          1
b - Searing Ray           Conj           100%       3d7       1%          2
c - Iskenderun's Mystic   Conj/Tloc      58%        2d12      1%          4
d - Dazzling Flash        Conj/Hex       90%        N/A       1%          3

Your spell library contained the following spells:

 Spells                   Type           Power      Damage    Failure   Level
 Sting                    Tmut/Pois      64%        1d6       3%          1
 Fulminant Prism          Conj/Hex       22%        3d13      3%          4
 Poisonous Vapours        Pois/Air       32%        N/A       5%          2
 Olgreb's Toxic Radiance  Pois           16%        N/A       34%         4


Dungeon Overview and Level Annotations

Branches:
Dungeon (9/15)             Temple (0/1) D:4            Lair (0/6) D:9
    Orc (0/2) D:9           Sewer (visited)

Altars:
Ru
Sif Muna
Uskayaw
The Shining One

Shops:
D:3 [

Annotations:
D:8 Pikel
D:9 Harold


Message History

Press: ? - help, Shift-Dir - straight line, f/p - Harold
Aim: Harold, wielding a +0 glaive and wearing a +4 scale mail of willpower (almost dead, 81% to hit)
The puff of flame hits Harold.
Harold is almost dead.
Aiming: Throw Flame
Press: ? - help, Shift-Dir - straight line, f/p - Harold
Aim: Harold, wielding a +0 glaive and wearing a +4 scale mail of willpower (almost dead, 81% to hit)
The puff of flame hits Harold!
Harold is almost dead.
Casting: Searing Ray (safe; 1% risk of failure)
Confirm with . or Enter, or press ? or * to list all spells.
Aiming: Magic Dart (safe; 1% risk of failure)
Press: ? - help, Shift-Dir - straight line, f/p - Harold
Aim: Harold, wielding a +0 glaive and wearing a +4 scale mail of willpower (almost dead, 100% to hit)
The magic dart hits Harold but does no damage.
Harold is almost dead.
Harold hits you from afar with a +0 glaive!
Aiming: Mindburst
Press: ? - help, Shift-Dir - straight line, f/p - Harold
Aim: Harold, wielding a +0 glaive and wearing a +4 scale mail of willpower (almost dead, chance to affect: 7%) Harold resists with almost no effort.
Harold shouts, "Can you die now?
I had plans for the rest of the day!"
Harold hits you from afar with a +0 glaive!
Aiming: Mindburst
Press: ? - help, Shift-Dir - straight line, f/p - Harold
Aim: Harold, wielding a +0 glaive and wearing a +4 scale mail of willpower (almost dead, chance to affect: 7%) Harold resists with almost no effort.
Harold closely misses you.
Unknown command.
Casting: Magic Dart (safe; 1% risk of failure)
Confirm with . or Enter, or press ? or * to list all spells.
You don't have enough magic to cast this spell.
Casting: Magic Dart (safe; 1% risk of failure)
Confirm with . or Enter, or press ? or * to list all spells.
Aiming: Magic Dart (safe; 1% risk of failure)
Press: ? - help, Shift-Dir - straight line, f/p - Harold
Aim: Harold, wielding a +0 glaive and wearing a +4 scale mail of willpower (almost dead, 100% to hit)
The magic dart hits Harold.
Harold is almost dead.
Harold hits you from afar with a +0 glaive!!
You die...

#......##......'
##.############# #...# # ###.# #
#.## #. ### #..# #..
###########.# ###'## #..
.........##.#######....# #..
......P..P#.##.@..'....#######..
..>.........##.####....'.....'..
.....P.....('@.# #....#######..
P..P........#### #....# #..
..........### ###'## #..
..P......## #..# ### ##.....###
##.# ###.## ####+#####
#........# #........#


You could see Harold.

Vanquished Creatures
  A two-headed ogre (D:9)
  Maggie (D:8)
  A kobold demonologist (D:9)
  2 yaks
  A steam dragon (D:6)
  3 hogs (D:7)
  A human (D:7)
  2 vampire mosquitoes (D:8)
  Grum (D:8)
  A water moccasin (D:8)
  An ice beast (D:8)
  Purgy (Sewer)
  2 sky beasts (D:6)
  2 ogres
  2 wolves (D:8)
  2 centaurs
  2 lemures (D:8)
  2 kobold brigands
  5 bullfrogs
  A scorpion (D:5)
  5 killer bees (D:9)
  13 wights
  5 howler monkeys
  2 centaur zombies
  A hound (D:5)
  A jelly (D:6)
  An orc priest (D:8)
  A bullfrog skeleton (D:6)
  A gnoll shaman (D:5)
  Crazy Yiuf (D:6)
  7 orc wizards
  A killer bee zombie (D:6)
  2 adders
  10 gnolls
  A shadow imp (D:7)
  2 white imps
  An ufetubus (D:4)
  A worm (D:3)
  4 dart slugs
  16 orcs
  8 endoplasms
  5 giant cockroaches
  3 goblins
  8 hobgoblins
  6 jackals
  10 kobolds
  7 quokkas
  9 ball pythons
  4 bats
  4 frilled lizards
  4 rats
178 creatures vanquished.

Vanquished Creatures (others)
  37 plants
37 creatures vanquished.

Grand Total: 215 creatures vanquished

Notes
Turn   | Place    | Note
-------+----------+-------------------------------------------
     0 | D:1      | Almogavar the Deep Elf Conjurer began the quest for the
                  | Orb.
     0 | D:1      | Reached XP level 1. HP: 10/10 MP: 6/6
   303 | D:1      | Found a faded altar of an unknown god.
   409 | D:1      | Reached XP level 2. HP: 15/15 MP: 2/8
   413 | D:1      | Learned a level 2 spell: Searing Ray
   931 | D:1      | Reached skill level 5 in Conjurations
  1244 | D:2      | Reached XP level 3. HP: 19/19 MP: 7/10
  1347 | D:2      | Reached XP level 4. HP: 24/24 MP: 0/11
  1791 | D:2      | Reached skill level 4 in Spellcasting
  2476 | D:3      | Found Faorain's Armour Boutique.
  2819 | D:4      | Found a glowing drain.
  2830 | Sewer    | Entered a sewer
  3038 | Sewer    | Noticed Purgy
  3049 | Sewer    | Killed Purgy
  3050 | Sewer    | Reached skill level 5 in Spellcasting
  3050 | Sewer    | Reached XP level 5. HP: 23/28 MP: 2/14
  3135 | Sewer    | Learned a level 4 spell: Iskenderun's Mystic Blast
  3225 | D:4      | Reached XP level 6. HP: 32/32 MP: 9/16
  3359 | D:4      | Found a staircase to the Ecumenical Temple.
  3935 | D:5      | Entered Level 5 of the Dungeon
  4116 | D:5      | Found a shimmering blue altar of Sif Muna.
  4122 | D:5      | Became a worshipper of Sif Muna the Loreminder
  4178 | D:5      | Reached skill level 6 in Spellcasting
  4234 | D:5      | Found a sacrificial altar of Ru.
  4350 | D:5      | Reached skill level 1 in Translocations
  4350 | D:5      | Reached XP level 7. HP: 37/37 MP: 8/18
  5187 | D:6      | Noticed a steam dragon
  5195 | D:6      | Killed a steam dragon
  5196 | D:6      | Reached skill level 1 in Fighting
  5196 | D:6      | Reached skill level 7 in Spellcasting
  5365 | D:6      | Reached XP level 8. HP: 43/43 MP: 13/21
  5659 | D:6      | Reached skill level 8 in Spellcasting
  5711 | D:6      | Found a glowing golden altar of the Shining One.
  6022 | D:6      | Found a runed translucent door.
  6023 | D:6      | Noticed Crazy Yiuf
  6030 | D:6      | Killed Crazy Yiuf
  6461 | D:7      | Found a hide-covered altar of Uskayaw.
  6706 | D:7      | Reached * piety under Sif Muna
  6707 | D:7      | Reached skill level 5 in Stealth
  6707 | D:7      | Reached skill level 9 in Spellcasting
  6818 | D:7      | Reached XP level 9. HP: 47/47 MP: 12/24
  7038 | D:8      | Noticed Maggie
  7058 | D:8      | Killed Maggie
  7059 | D:8      | Reached skill level 10 in Spellcasting
  7242 | D:8      | Reached skill level 5 in Translocations
  7486 | D:8      | Noticed Pikel
  7728 | D:8      | Learned a level 3 spell: Dazzling Flash
  8172 | D:8      | Reached skill level 11 in Spellcasting
  8248 | D:8      | Noticed Grum
  8271 | D:8      | Killed Grum
  8272 | D:8      | Reached skill level 10 in Conjurations
  8706 | D:9      | Reached XP level 10. HP: 51/53 MP: 22/27
  8715 | D:9      | Reached ** piety under Sif Muna
  8716 | D:9      | Reached skill level 5 in Dodging
  8793 | D:9      | Noticed Harold
  8897 | D:9      | Found a staircase to the Orcish Mines.
  9205 | D:9      | Noticed a two-headed ogre
  9217 | D:9      | Killed a two-headed ogre
  9218 | D:9      | Reached skill level 12 in Spellcasting
  9421 | D:9      | Found a staircase to the Lair.
  9457 | D:9      | Mangled by Harold

Illustrated notes

Levels and vault maps discovered:
D:1:      heliophobic_arrival_henge, layout_basic,
          hellmonk_ecumenical_altar_lost_god, minmay_hedge_maze,
          palyth_stone_intersect
D:2:      layout_rooms, serial_bayou_pond_a, minmay_cupped
D:3:      layout_rooms, serial_shops, shop, interstate_on_off
D:4:      layout_basic, minmay_temple_entry_from_below_a, portal_sewer_entry_f
D:5:      layout_basic, lemuel_tele_altar, lemuel_round_altar, corexii_shack
D:6:      layout_loops_ring, tso_altar, grunt_decor_mini_mirrors,
          minmay_strange_pillars, uniq_crazy_yiuf_cottage
D:7:      layout_loops_ring, kennysheep_mini, grunt_livestock
D:8:      layout_basic, uniq_grum, uniq_maggie, uniq_pikel
D:9:      layout_roguey, david_lair_shrubbed, orc_0_dummy, uniq_harold

Skill      XL: |  1  2  3  4  5  6  7  8  9 10 |
---------------+-------------------------------+-----
Conjurations   | 5 6 7 9 10 | 10.8
Spellcasting   | 5 6 7 9 11 12 | 12.2
Stealth        | 3 4 5 6 |  6.1
Dodging        | 3 4 5 |  5.5
Translocations | 1 2 4 6 |  6.2
Fighting       | 1 2 |  2.0

Action                   |  1- 3 |  4- 6 |  7- 9 | 10-12 || total
-------------------------+-------+-------+-------+-------++-------
Melee: Short sword       |     1 |       |       |       ||     1
 Cast: Magic Dart        |    32 |    72 |    59 |    13 ||   176
       Searing Ray       |     9 |    29 |    60 |    23 ||   121
       Iskenderun's Myst |       |       |     2 |     4 ||     6
Evoke: Wand              |       |       |       |     4 ||     4
  Use: Scroll            |       |     5 |     4 |       ||     9
 Stab: Sleeping          |     1 |       |       |       ||     1
Armor: Robe              |     1 |     2 |     1 |       ||     4
       Steam dragon scal |       |       |    17 |     7 ||    24
Dodge: Dodged            |     2 |    12 |    29 |    22 ||    65
